 Dungeon Crawl Stone Soup version 0.31-a0-557-g6e16503903 (webtiles) character file.

Game seed: 15115125232738404184

1794639 motkurizz the Acrobat (level 26, 171/171 HPs)
             Began as a Spriggan Hunter on Aug 16, 2023.
             Was a High Priest of Okawaru.
             Escaped with the Orb
             ... and 3 runes!
             The game lasted 02:59:01 (59546 turns).

motkurizz the Acrobat (Spriggan Hunter)            Turns: 59546, Time: 02:59:03

Health: 171/171    AC: 17    Str:  9    XL:     26   Next: 18%
Magic:  38/38      EV: 50    Int: 12    God:    Okawaru [*****.]
Gold:   3613       SH: 15    Dex: 35    Spells: 31/43 levels left

rFire   + . .        Q - +5 hand crossbow (freeze)
rCold   + . .        z - +2 buckler "Vosemm" {rElec rC+ rN+}
rNeg    + + .        J - +5 moon troll leather armour {Spirit, Regen++ MP+5}
rPois   +            P - +3 hat "Uraeh" {rCorr}
rElec   +            R - +4 dragonskin cloak
rCorr   +            (gloves unavailable)
SInv    +            (boots unavailable)
Will    ++++.        E - amulet of Qoel {RegenMP rPois rN+ Str+2}
Stlth   +++          M - +6 ring of dexterity
HPRegen 2.08/turn    U - +4 ring of slaying
MPRegen 0.66/turn

%: guardian spirit
@: studying Unarmed Combat, very quick
A: very small, no large weapons, unfitting armour, see invisible, speed 3,
hooves 1, horns 1, large bone plates 1, deterioration 1, fire resistance 1, low
MP 1, robust 1, evolution 1, inability to drink after injury 1
0: Orb of Zot
}: 3/15 runes: decaying, silver, gossamer
a: Renounce Religion, Heroism, Finesse, Duel


You escaped.
You worshipped Okawaru.
Okawaru was extremely pleased with you.
You visited 10 branches of the dungeon, and saw 48 of its levels.
You also visited: Trove, Sewer, Gauntlet, Ice Cave and Wizlab.

You collected 6631 gold pieces.
You spent 3018 gold pieces at shops.

Inventory:

Hand Weapons
 b - a +1 heavy hand crossbow
 Q - a +5 hand crossbow of freezing (weapon)
Missiles
 r - 7 atropa-tipped darts
 t - 9 curare-tipped darts
 T - 6 throwing nets
Armour
 k - the +4 skin of Zhor {*Englaciate rC+++ SInv}
   (You found it in an ice cave)

   *Englaciate: It radiates cold, occasionally slowing all nearby creatures who
   are not resistant to cold.
   rC+++:     It renders you almost immune to cold.
   SInv:      It lets you see invisible.
 z - the +2 buckler "Vosemm" (worn) {rElec rC+ rN+}
   (Okawaru gifted it to you on level 4 of the Lair of Beasts)

   rC+:       It protects you from cold.
   rElec:     It insulates you from electricity.
   rN+:       It protects you from negative energy.
 G - the +1 cloak "Foudoan" {Contam Regen+ Slay+2 Stlth+}
   (Okawaru gifted it to you on level 2 of the Swamp)

   Slay+2:    It affects your accuracy & damage with ranged weapons and melee
   (+2).
   Contam:    It causes magical contamination when unequipped.
   Regen+:    It increases your rate of health regeneration.
   Stlth+:    It makes you more stealthy.
 J - the +5 moon troll leather armour (worn) {Spirit, Regen++ MP+5}
   (You bought it in a shop on level 2 of the Orcish Mines)

   MP+5:      It affects your magic capacity (+5).
   Regen++:   It increases your rate of health regeneration.
 P - the +3 hat "Uraeh" (worn) {rCorr}
   (Okawaru gifted it to you on level 3 of the Lair of Beasts)

   rCorr:     It protects you from acid and corrosion.
 R - the +4 dragonskin cloak (worn)
   (You took it off Tiamat on level 5 of the Realm of Zot)

   Avatar's Aegis: It grants the wearer a chance to resist fire, cold, poison,
   electricity, acid, and negative energy.
 Y - the scarf of Okawaru's Fury {rC+ rF+, +Blink}
   (Okawaru gifted it to you on level 3 of the Spider Nest)

   +Blink:    It lets you blink.
Jewellery
 i - a ring of protection from fire
 B - an amulet of reflection
 C - the ring of Xenoros {rPois rC+ Will+ Int-4 Slay+3}
   (You took it off a deep elf pyromancer on level 3 of the Elven Halls)

   [ring of willpower]

   Int-4:     It affects your intelligence (-4).
   Slay+3:    It affects your accuracy & damage with ranged weapons and melee
   (+3).
   rC+:       It protects you from cold.
   rPois:     It protects you from poison Will+: It increases your willpower.
 E - the amulet of Qoel (around neck) {RegenMP rPois rN+ Str+2}
   (You found it in a Gauntlet)

   [amulet of magic regeneration]

   RegenMP:   It increases your rate of magic regeneration.
   Str+2:     It affects your strength (+2).
   rPois:     It protects you from poison rN+: It protects you from negative
   energy.
 H - the ring "Acaedes" {+Blink rPois Str+4 Int+6}
   (You found it in a Gauntlet)

   [ring of intelligence]

   Str+4:     It affects your strength (+4).
   Int+6:     It affects your intelligence (+6).
   rPois:     It protects you from poison +Blink: It lets you blink.
 M - a +6 ring of dexterity (left hand)
 U - a +4 ring of slaying (right hand)
 W - a ring of resist corrosion
Wands
 c - a wand of polymorph (23)
 w - a wand of digging (6)
 K - a wand of iceblast (58)
 L - a wand of acid (14)
 V - a wand of mindburst (21)
Scrolls
 d - 6 scrolls of fog
 e - 25 scrolls of teleportation
 g - 12 scrolls of immolation
 l - 2 scrolls of enchant armour
 m - 6 scrolls of vulnerability
 n - 8 scrolls of poison
 y - 11 scrolls of fear
 F - a scroll of revelation
 O - 22 scrolls of identify
 S - 6 scrolls of blinking
 X - 2 scrolls of silence
Potions
 h - 5 potions of attraction
 j - 17 potions of curing
 o - 4 potions of invisibility
 p - 5 potions of cancellation
 s - 10 potions of brilliance
 u - 7 potions of mutation
 v - 4 potions of magic
 x - a potion of haste
 A - 14 potions of heal wounds
 I - 16 potions of enlightenment
 N - 4 potions of ambrosia
 Z - 5 potions of lignification
Miscellaneous
 a - a lightning rod (4/4)
 f - a phial of floods
 q - a condenser vane (inert)


   Skills:
 - Level 22.0 Fighting
 - Level 22.0 Ranged Weapons
 + Level 10.2 Armour
 - Level 22.0 Dodging
 - Level 18.0 Stealth
 + Level 10.2 Shields
 - Level 9.0 Spellcasting
 - Level 19.0 Hexes
 - Level 7.0 Translocations
 - Level 17.0 Invocations
 + Level 17.9 Evocations


You had 31 spell levels left.
You knew the following spells:

 Your Spells              Type           Power      Damage    Failure   Level
a - Blink                 Tloc           44%        N/A       1%          2
b - Portal Projectile     Hex/Tloc       72%        N/A       1%          3
e - Enfeeble              Hex            25%        N/A       8%          7

Your spell library contained the following spells:

 Spells                   Type           Power      Damage    Failure   Level
 Slow                     Hex            100%       N/A       0%          1
 Apportation              Tloc           44%        N/A       1%          1
 Lesser Beckoning         Tloc           44%        N/A       1%          2
 Dazzling Flash           Conj/Hex       56%        N/A       1%          3
 Cause Fear               Hex            25%        N/A       1%          4
 Anguish                  Hex/Necr       14%        N/A       4%          4
 Fulminant Prism          Conj/Hex       14%        3d8       4%          4
 Leda's Liquefaction      Hex/Erth       14%        N/A       4%          4
 Momentum Strike          Conj/Tloc      26%        3d8       9%          2
 Manifold Assault         Tloc           22%        N/A       13%         4
 Metabolic Englaciation   Hex/Ice        14%        N/A       13%         5
 Silence                  Hex/Air        14%        N/A       13%         5
 Yara's Violent Unravell  Hex/Tmut       14%        3d7       13%         5
 Vhi's Electric Charge    Tloc/Air       26%        N/A       16%         3
 Magic Dart               Conj           20%        1d4       22%         1
 Necrotise                Necr           20%        1d5       22%         1
 Sandblast                Erth           10%        2d5       22%         1
 Shock                    Conj/Air       20%        1d4       22%         1
 Sting                    Tmut/Pois      20%        1d4       22%         1
 Cigotuvi's Dreadful Rot  Necr/Pois/Air  10%        N/A       34%         2
 Passwall                 Tmut/Erth      4%         N/A       34%         2
 Poisonous Vapours        Pois/Air       10%        N/A       34%         2
 Scorch                   Fire           10%        2d5       34%         2
 Searing Ray              Conj           10%        2d4       34%         2
 Static Discharge         Conj/Air       10%        2-3/arc   34%         2
 Sublimation of Blood     Necr           5%         N/A       34%         2
 Wereblood                Tmut           5%         N/A       34%         2
 Iskenderun's Mystic Bla  Conj/Tloc      13%        2d5       47%         4
 Frozen Ramparts          Ice            10%        1d2       56%         3
 Hailstorm                Conj/Ice       5%         3d4       56%         3
 Ignite Poison            Fire/Tmut/Pois 5%         N/A       56%         3
 Ozocubu's Armour         Ice            5%         N/A       56%         3
 Stone Arrow              Conj/Erth      10%        3d7       56%         3
 Swiftness                Air            5%         N/A       56%         3
 Vampiric Draining        Necr           5%         2d6       56%         3
 Dispersal                Tloc           11%        N/A       89%         6
 Airstrike                Air            2%         2d(1-17)  92%         4
 Flame Wave               Conj/Fire      5%         2d5       92%         4
 Olgreb's Toxic Radiance  Pois           5%         N/A       92%         4
 Petrify                  Tmut/Erth      5%         N/A       92%         4
 Sticky Flame             Conj/Fire      5%         2d3       92%         4
 Agony                    Necr           5%         N/A       99%         5
 Alistair's Intoxication  Tmut/Pois      3%         N/A       99%         5
 Arcjolt                  Conj/Air       2%         1d12      99%         5
 Borgnjor's Vile Clutch   Necr/Erth      2%         N/A       99%         5
 Fireball                 Conj/Fire      2%         3d4       99%         5
 Irradiate                Conj/Tmut      2%         3d12      99%         5
 Iskenderun's Battlesphe  Conj           5%         2d6       99%         5
 Eringya's Noxious Bog    Tmut/Pois      2%         4d6       100%        6
 Plasma Beam              Fire/Air       2%         2x1d12    100%        6
 Starburst                Conj/Fire      2%         6d3       100%        6
 Borgnjor's Revivificati  Necr           2%         N/A       100%        8
 Disjunction              Tloc           11%        N/A       100%        8
 Ignition                 Fire           2%         3d3       100%        8
 Maxwell's Capacitive Co  Air            2%         ∞         100%        8
 Death's Door             Necr           2%         N/A       100%        9
 Summon Guardian Golem    Hex/Summ       Unusable   N/A       N/A         3
 Summon Mana Viper        Hex/Summ       Unusable   N/A       N/A         5
 Call Canine Familiar     Summ           Unusable   N/A       N/A         3
 Animate Dead             Necr           Unusable   N/A       N/A         4
 Summon Ice Beast         Ice/Summ       Unusable   N/A       N/A         4
 Death Channel            Necr           Unusable   N/A       N/A         6
 Simulacrum               Ice/Necr       Unusable   N/A       N/A         6
 Summon Cactus Giant      Summ           Unusable   N/A       N/A         6
 Haunt                    Necr/Summ      Unusable   N/A       N/A         7
 Dragon's Call            Summ           Unusable   N/A       N/A         9

Dungeon Overview and Level Annotations

Branches:
Dungeon (15/15)            Temple (1/1) D:4            Lair (5/5) D:8
  Swamp (4/4) Lair:2       Spider (4/4) Lair:2        Slime (0/5) Lair:4
    Orc (2/2) D:9             Elf (3/3) Orc:2        Vaults (5/5) D:14
  Crypt (0/3) Vaults:3     Depths (4/4) D:15            Zot (5/5) Depths:4
  Sewer (visited)           IceCv (visited)          WizLab (visited)
Gauntlet (visited)

Altars:
Ashenzari
Cheibriados
Dithmenos
Elyvilon
Fedhas
Gozag
Hepliaklqana
Kikubaaqudgha
Makhleb
Nemelex Xobeh
Okawaru
Qazlal
Ru
Sif Muna
Trog
Uskayaw
Vehumet
Wu Jian
Xom
Yredelemnul
Zin
The Shining One

Shops:
D:4 *   D:5 *   D:12 (   Orc:1 :   Orc:2 [(**   Elf:1 =   Depths:2 =:=
Depths:4 *(

Portals:
Hell: Depths:1 Depths:2 Depths:3 Depths:4
Abyss: Depths:2 Depths:3
Pandemonium: Depths:2 Depths:3
Ziggurat: Depths:3

Annotations:
Elf:2 3 runed translucent doors
Zot:3 2 transporters
Zot:4 exclusion: downstairs


Innate Abilities, Weirdness & Mutations

You are very small and have problems with some larger weapons.
You are too small for most types of armour.
You have supernaturally acute eyesight. (SInv)
You cover ground extremely quickly. (Speed+++)
You have large cloven feet.
You have a pair of small horns on your head.
You are partially covered in large bone plates. (SH +4)
Your body sometimes deteriorates upon taking damage.
Your flesh is heat resistant. (rF+)
Your magical capacity is low. (-10% MP)
You are robust. (+10% HP)
You have hidden genetic potential.
You occasionally lose the ability to drink potions when taking damage.


Message History

There is a stone staircase leading down here.
What level of the Dungeon? (default 1, ? - help)
There is a stone staircase leading up here.
You climb upwards.
There is a stone staircase leading down here.
A golden eye comes into view.
You shoot a bolt. The bolt closely misses the golden eye.
You shoot a bolt. The bolt hits the golden eye!!
The bolt freezes the golden eye.
You kill the golden eye!
Okawaru accepts your kill.
There is a stone staircase leading up here.
You climb upwards.
There is a stone staircase leading down here.
What level of the Dungeon? (default 1, ? - help)
There is a stone staircase leading up here.
You climb upwards.
There is a stone staircase leading down here.
An Executioner comes into view.
The Executioner gestures.
The Executioner seems to speed up.
There is a stone staircase leading up here.
The Executioner completely misses you. x2; You block the Executioner's attack.
The Executioner completely misses you. You block the Executioner's attack.
The Executioner completely misses you.
You climb upwards.
There is a stone staircase leading down here.
What level of the Dungeon? (default 1, ? - help)
You shoot a bolt. The ball python hisses angrily.
The bolt hits the ball python!!
The bolt freezes the ball python.
You kill the ball python!
What level of the Dungeon? (default 1, ? - help)
There is a stone staircase leading up here.
You climb upwards.
There is a stone staircase leading down here.
Okay, then.
There is an open door here.
There is a staircase leading out of the dungeon here.
You have escaped!

#.##########.#.#....#..+.........
...............#....#.##.........
#.##########.###.#..#.####..(....
..#..).........#.#.....#####...#.
###.#........#.#.#.............#.
...........#.#.#.##.#.........##.
###.#.####.#...#....###.########.
..#........#.######## #..........
.####.######.##.@.## #.########.
...........#.###...## #.##.......
...##.####.#.#>##...# #.##†######
...##.# #.#.#≈.#...###.##.#
...##.# #.#.#~.##...##.##.# ####
...##.# #.#.#~≈.#...##.##)# #...
#####.# #.#.#≈~~##...#.##.###.##
# #.# #.#.#≈~≈~'...'.##.##).# #
#.# #.#.#≈~~##...#.....>..#


There were no monsters in sight!

Vanquished Creatures
  Tiamat (Zot:5)
  6 dread liches
  4 ancient liches
  10 orbs of fire
  Mara (Spider:4)
  2 juggernauts
  2 Killer Klowns (Zot:5)
  the Lernaean hydra (Swamp:4)
  A shard shrike (Depths:4)
  2 curse toes
  Nikola (Vaults:1)
  3 golden dragons
  2 bone dragons (Depths:4)
  Arachne (Spider:2)
  3 electric golems
  2 doom hounds (Zot:1)
  25 Orb Guardians (Zot:5)
  Jorgrun (D:15)
  14 tentacled monstrosities
  6 liches
  Grunn (Zot:1)
  4 deep elf blademasters (Elf:3)
  6 sphinxes
  Mlioglotl (Spider:2)
  8 titans
  8 quicksilver dragons
  13 shadow dragons
  12 death cobs
  4 thorn hunters (Swamp:2)
  Kirke (D:14)
  The ghost of motkurizz the Warrior, a journeyman OgWr of Okawaru (D:13)
  Agnes (D:15)
  6 tengu reavers (Vaults:5)
  Roxanne (Swamp:1)
  Frances (Spider:2)
  3 azure jellies (IceCv)
  A rockslime (IceCv)
  A fenstrider witch (Swamp:3)
  15 storm dragons
  7 emperor scorpions
  7 deep elf sorcerers
  3 draconian knights
  5 draconian monks
  10 fire giants
  The ghost of Fidariph the Warrior, a journeyman DjCj of Gozag (Orc:1)
  19 vault wardens
  2 iron dragons
  5 frost giants
  3 ghouls
  5 draconian scorchers
  A balrug (Depths:2)
  7 deep elf elementalists
  An orc warlord (Vaults:4)
  7 broodmothers (Spider:4)
  A curse skull (Vaults:3)
  7 draconian shifters
  4 spectral caustic shrikes (Depths:1)
  6 ghost moths
  7 draconian annihilators
  3 spriggan defenders
  3 draconian stormcallers
  5 quicksilver oozes (IceCv)
  20 ironbound preservers
  19 very ugly things
  17 stone giants
  A formless jellyfish (Vaults:2)
  2 vampire knights
  11 green draconians
  5 ironbound thunderhulks
  5 deep elf demonologists
  Azrael (D:14)
  18 purple draconians
  15 deep elf annihilators
  7 black draconians
  2 eleionomae (Swamp:4)
  5 dire elephants
  4 spark wasps
  5 white draconians
  12 red draconians
  9 yellow draconians
  9 statues (WizLab)
  6 bunyips
  A minotaur (Gauntlet)
  7 deep elf death magi
  13 ettins
  6 fire dragons
  A crystal guardian (Vaults:1)
  The ghost of Conuehuops the Frost Mage, a journeyman MfIE of Vehumet (D:11)
  2 shambling mangroves
  14 yaktaur captains
  A hydra (shapeshifter) (Vaults:5)
  6 entropy weavers
  Harold (Orc:1)
  39 vault guards
  6 great orbs of eyes
  8 deep elf high priests
  2 salamander tyrants
  The ghost of Vufay the Fighter, a journeyman DsSh of Uskayaw (D:11)
  2 peacekeepers
  A hell beast (Depths:2)
  A rakshasa (Depths:3)
  5 ogre magi
  14 centaur warriors
  The ghost of Gihoest the Grappler, a journeyman VSFi of Uskayaw (D:11)
  7 ice dragons
  11 two-headed ogres
  11 boulder beetles
  4 ironbound frosthearts
  6 radroaches
  5 spriggan air magi
  22 hydras
  3 jorogumos
  9 deep troll earth magi
  4 ghost crabs
  2 vampire magi
  11 alligators
  7 deep troll shamans
  10 dancing weapons
  2 spriggan berserkers (Depths:4)
  An orc high priest (Orc:1)
  3 tengu warriors
  5 demonic crawlers
  A soul eater (Depths:2)
  Sonja (D:11)
  Nergalle (D:12)
  22 deep elf knights
  A sun demon (Depths:2)
  3 hell knights
  A sixfirhy (Depths:2)
  3 skysharks
  10 pharaoh ants
  A fire crab (Lair:5)
  7 iron trolls
  4 goliath frogs
  3 sun moths
  2 salamander mystics
  56 deep trolls
  A flayed ghost (Depths:1)
  A spriggan druid (Swamp:2)
  7 swamp dragons
  3 glowing orange brains
  3 bog bodies
  8 wizards
  12 steelbarb worms
  15 orb spiders
  19 ironbound convokers
  8 lindwurms (Vaults:2)
  19 deep elf archers
  9 harpies
  52 deep elf pyromancers
  27 deep elf zephyrmancers
  7 orc knights
  3 phantasmal warriors (Vaults:5)
  4 necromancers
  2 orange crystal statues (IceCv)
  The ghost of sigonnn the Insei, a novice DsSh (D:5)
  A harpy (shapeshifter) (D:13)
  2 orc sorcerers
  22 wolf spiders
  3 manticores
  2 oklob plants
  A salamander (shapeshifter) (D:15)
  30 moths of wrath
  8 salamanders
  6 cyclopes
  3 elephants (Lair:3)
  19 vault sentinels
  39 ugly things
  41 slime creatures
  5 will-o-the-wisps
  A rust devil (Depths:2)
  7 black mambas
  7 torpor snails
  2 molten gargoyles (Lair:5)
  15 cane toads
  A smoke demon (Depths:2)
  2 efreet
  4 kobold demonologists
  9 komodo dragons
  3 rime drakes
  An ice devil (Gauntlet)
  22 tengu conjurers
  2 freezing wraiths
  26 yaktaurs
  4 red devils
  7 meliai
  2 guardian mummies (Vaults:4)
  8 trolls
  A bloated husk (Swamp:2)
  5 tyrant leeches
  A polar bear (Lair:1)
  2 raiju (shapeshifter)
  9 blink frogs
  Grinder (Sewer)
  12 hornets
  31 tarantellas
  A raiju (Gauntlet)
  25 jumping spiders
  A dream sheep (shapeshifter) (Depths:4)
  8 dream sheep
  21 culicivoras
  3 air elementals
  A vampire (D:11)
  A shadow (D:12)
  13 spriggans
  8 wyverns
  10 water elementals
  2 wraiths
  Eustachio (D:5)
  4 basilisks
  2 humans (D:14)
  45 yaks
  3 fire bats (Depths:1)
  2 hogs (D:14)
  11 fire elementals
  A neqoxec (Depths:2)
  A golden eye (D:5)
  54 redbacks
  Menkaure (D:5)
  2 steam dragons
  4 wargs
  11 vampire mosquitoes
  Edmund (D:5)
  3 acid dragons
  9 swamp worms
  13 water moccasins
  8 swamp drakes
  A spectral troll (Orc:1)
  10 hell hounds
  4 floating eyes
  A sky beast (shapeshifter) (Elf:2)
  A sky beast (D:7)
  2 black bears
  4 great orb of eyes simulacra (IceCv)
  An ice beast (D:5)
  37 orc warriors
  15 ogres
  5 boggarts (Vaults:2)
  9 wolves
  25 centaurs
  A phantom (Sewer)
  3 slime creature simulacra (IceCv)
  5 kobold brigands
  A bullfrog (shapeshifter) (Vaults:2)
  4 bullfrogs
  A gnoll sergeant (D:7)
  3 necrophages
  5 earth elementals
  3 scorpions (D:5)
  3 glowing shapeshifter simulacra (IceCv)
  A wight (Sewer)
  9 killer bees
  2 spectral ogres (Orc:1)
  3 howler monkeys
  An oklob sapling (Swamp:2)
  3 electric eels
  7 lava snakes
  A jelly (D:6)
  23 orc priests
  A cyclops simulacrum (Orc:1)
  6 hounds
  A gnoll bouda (D:8)
  4 iguanas
  24 orc wizards
  2 spectral orcs (Orc:1)
  5 hell rats (Lair:3)
  8 gnolls
  7 adders
  5 shadow imps (Sewer)
  4 white imps (Gauntlet)
  An orc simulacrum (Orc:1)
  5 ufetubi (Sewer)
  A worm (shapeshifter) (Vaults:5)
  3 dart slugs
  95 orcs
  A bat zombie (Sewer)
  14 endoplasms
  2 giant cockroaches (Sewer)
  8 goblins
  9 hobgoblins
  4 jackals
  4 quokkas
  8 ball pythons
  6 bats
  4 frilled lizards
  A giant cockroach zombie (Sewer)
  43 kobolds
  8 rats
2156 creatures vanquished.

Vanquished Creatures (others)
  A fire giant (Depths:3)
  An emperor scorpion (Spider:4)
  A war gargoyle (Vaults:5)
  An ironbound preserver (Vaults:3)
  A quicksilver ooze (IceCv)
  A catoblepas (D:15)
  A deep elf knight (Elf:1)
  A deep elf archer (Elf:3)
  A deep elf zephyrmancer (Elf:3)
  A torpor snail (Spider:3)
  A tengu conjurer (WizLab)
  A red devil (Elf:2)
  A jumping spider (Spider:1)
  An air elemental (Elf:1)
  A swamp drake (Swamp:4)
  4 foxfires (Swamp:1)
19 creatures vanquished.

Grand Total: 2175 creatures vanquished

Notes
Turn   | Place    | Note
-------+----------+-------------------------------------------
     0 | D:1      | motkurizz the Spriggan Hunter began the quest for the Orb.
     0 | D:1      | Reached XP level 1. HP: 10/10 MP: 2/2
   233 | D:1      | Reached XP level 2. HP: 15/15 MP: 3/3
   735 | D:1      | Reached XP level 3. HP: 18/18 MP: 4/4
  1268 | D:2      | Reached skill level 5 in Ranged Weapons
  1648 | D:3      | Reached XP level 4. HP: 23/23 MP: 5/5
  1809 | D:3      | Reached XP level 5. HP: 27/27 MP: 6/6
  1981 | D:3      | Found a glowing drain.
  1990 | Sewer    | Entered a sewer
  2179 | Sewer    | Reached XP level 6. HP: 32/32 MP: 7/7
  2232 | Sewer    | Found an ancient bone altar of Kikubaaqudgha.
  2428 | Sewer    | Noticed Grinder
  2439 | Sewer    | Killed Grinder
  2440 | Sewer    | Reached XP level 7. HP: 25/36 MP: 8/8
  2748 | D:3      | Found a burning altar of Makhleb.
  2948 | D:4      | Found Toicesk's Serpentskin Sales.
  3229 | D:4      | Found a staircase to the Ecumenical Temple.
  3238 | Temple   | Entered the Ecumenical Temple
  3259 | Temple   | Became a worshipper of Warmaster Okawaru
  3773 | D:5      | Entered Level 5 of the Dungeon
  3984 | D:5      | Reached XP level 8. HP: 42/42 MP: 9/9
  3990 | D:5      | Found a runed translucent door.
  3991 | D:5      | Noticed sigonnn's ghost (novice DsSh)
  4047 | D:5      | Noticed Edmund
  4104 | D:5      | Found Gozag's Platinum Reserve.
  4104 | D:5      | Found an opulent altar of Gozag.
  4239 | D:5      | Killed sigonnn's ghost
  4239 | D:5      | Reached * piety under Okawaru
  4240 | D:5      | Reached skill level 5 in Dodging
  4314 | D:5      | Killed Edmund
  4315 | D:5      | Reached skill level 5 in Fighting
  4384 | D:5      | Noticed Eustachio
  4421 | D:5      | Killed Eustachio
  4441 | D:5      | Noticed Menkaure
  4456 | D:5      | Killed Menkaure
  4465 | D:5      | Found a radiant altar of Vehumet.
  4496 | D:5      | Reached ** piety under Okawaru
  4497 | D:5      | Reached XP level 9. HP: 47/47 MP: 10/10
  5066 | D:6      | Found a shadowy altar of Dithmenos.
  5190 | D:6      | Found a basalt altar of Yredelemnul.
  5203 | D:6      | Reached skill level 10 in Ranged Weapons
  5602 | D:6      | Found a stormy altar of Qazlal.
  5716 | D:7      | Found an ornate altar of the Wu Jian Council.
  6441 | D:7      | Reached skill level 5 in Stealth
  6634 | D:8      | Reached *** piety under Okawaru
  6857 | D:8      | Noticed a troll
  6898 | D:7      | Killed a troll
  7206 | D:8      | Reached XP level 10. HP: 53/53 MP: 11/11
  7277 | D:8      | Found a staircase to the Lair.
  7296 | D:8      | Reached skill level 1 in Invocations
  7655 | D:9      | Reached **** piety under Okawaru
  8282 | D:9      | Found a staircase to the Orcish Mines.
  8826 | Orc:1    | Entered Level 1 of the Orcish Mines
  8829 | Orc:1    | Noticed an orc sorcerer
  8856 | D:9      | Reached ***** piety under Okawaru
  8918 | Lair:1   | Entered Level 1 of the Lair of Beasts
  9022 | Lair:1   | Reached skill level 1 in Evocations
  9031 | Lair:1   | Reached skill level 10 in Dodging
  9147 | Lair:1   | Noticed a cane toad
  9191 | Lair:1   | Killed a cane toad
  9364 | Lair:1   | Noticed a cane toad
  9401 | Lair:1   | Killed a cane toad
  9402 | Lair:1   | Reached XP level 11. HP: 46/58 MP: 15/15
 10272 | Lair:2   | Noticed a skyshark
 10305 | Lair:2   | Killed a skyshark
 10305 | Lair:2   | Identified the +1 broad axe of Compassion {venom, Int+3}
                  | (Okawaru gifted it to you on level 2 of the Lair of Beasts)
 10305 | Lair:2   | Received a gift from Okawaru
 10405 | Lair:2   | Found a staircase to the Swamp.
 10410 | Lair:2   | Noticed a five-headed hydra
 10458 | Lair:2   | Killed a five-headed hydra
 10458 | Lair:2   | Reached ****** piety under Okawaru
 10459 | Lair:2   | Reached skill level 5 in Invocations
 10541 | Lair:2   | Found a hole to the Spider Nest.
 11445 | Lair:3   | Noticed a skyshark
 11514 | Lair:3   | Killed a skyshark
 11514 | Lair:3   | Identified the +3 hat "Uraeh" {rCorr} (Okawaru gifted it to
                  | you on level 3 of the Lair of Beasts)
 11514 | Lair:3   | Received a gift from Okawaru
 11713 | Lair:3   | Reached XP level 12. HP: 65/65 MP: 16/16
 12888 | Lair:4   | Found a staircase to the Slime Pits.
 13301 | Lair:4   | Noticed a seven-headed hydra
 13320 | Lair:4   | Killed a seven-headed hydra
 13374 | Lair:4   | Identified the +2 buckler "Vosemm" {rElec rC+ rN+} (Okawaru
                  | gifted it to you on level 4 of the Lair of Beasts)
 13374 | Lair:4   | Received a gift from Okawaru
 13484 | Lair:4   | Reached skill level 10 in Fighting
 13943 | Lair:5   | Entered Level 5 of the Lair of Beasts
 14409 | Lair:5   | Reached XP level 13. HP: 71/72 MP: 17/17
 14671 | Lair:5   | Noticed a fire dragon
 14724 | Lair:5   | Reached skill level 5 in Evocations
 14937 | Lair:5   | Found a radiant altar of Vehumet.
 15098 | Lair:5   | Identified the scarf of Zujalil {+Inv, Str+3} (Okawaru
                  | gifted it to you on level 5 of the Lair of Beasts)
 15098 | Lair:5   | Received a gift from Okawaru
 15308 | Lair:5   | Got the Information on the Baleful Tempest
 15341 | Lair:5   | Reached skill level 15 in Dodging
 15717 | Lair:5   | Found a large runed translucent door.
 15718 | Lair:5   | Found a large runed translucent door.
 15976 | Lair:5   | Killed a fire dragon
 16255 | D:9      | Paralysed by an orc sorcerer for 4 turns
 16265 | D:9      | Paralysed by an orc sorcerer for 3 turns
 16395 | Orc:1    | Noticed an ettin
 16415 | Orc:1    | Killed an ettin
 16532 | Orc:1    | Noticed Harold
 16564 | Orc:1    | Found Osarenan's Book Boutique.
 16645 | Orc:1    | Killed Harold
 16877 | D:10     | Entered Level 10 of the Dungeon
 17003 | Orc:1    | Found a runed translucent gate.
 17003 | Orc:1    | Found a runed translucent gate.
 17003 | Orc:1    | Found a runed translucent gate.
 17004 | Orc:1    | Noticed Fidariph's ghost (journeyman DjCj)
 17226 | Orc:2    | Entered Level 2 of the Orcish Mines
 17582 | Orc:2    | Found a staircase to the Elven Halls.
 18203 | Orc:2    | Reached XP level 14. HP: 67/79 MP: 20/20
 18304 | Orc:2    | Found Wuvek's Antique Weapon Emporium.
 18304 | Orc:2    | Found Piuwel's Assorted Antiques.
 18306 | Orc:2    | Found Mucepad's Assorted Antiques.
 18308 | Orc:2    | Found Wiweomep's Antique Armour Shoppe.
 18315 | Orc:2    | Bought a scroll of identify for 66 gold pieces
 18315 | Orc:2    | Bought a scroll of identify for 66 gold pieces
 18315 | Orc:2    | Bought a murky sapphire potion for 29 gold pieces
 18429 | D:10     | Received a gift from Okawaru
 18887 | D:10     | Found a hide-covered altar of Uskayaw.
 18945 | D:10     | Found a glowing silver altar of Zin.
 18945 | D:10     | Noticed an angel
 19330 | D:11     | Noticed Sonja
 19338 | D:11     | Killed Sonja
 19516 | D:11     | You fall into a shaft and drop 1 floor!
 19545 | D:12     | Found Totoim's Weapon Emporium.
 19767 | D:11     | Found a runed translucent gate.
 19767 | D:11     | Found a runed translucent gate.
 19767 | D:11     | Found a runed translucent gate.
 19768 | D:11     | Noticed Gihoest's ghost (journeyman VSFi)
 19768 | D:11     | Noticed Vufay's ghost (journeyman DsSh)
 19768 | D:11     | Noticed Conuehuops's ghost (journeyman MfIE)
 20205 | D:11     | Killed Conuehuops's ghost
 20206 | D:11     | Reached skill level 15 in Ranged Weapons
 20224 | D:11     | Killed Gihoest's ghost
 20234 | D:11     | Killed Vufay's ghost
 20571 | D:12     | Noticed Nergalle
 20583 | D:12     | Killed Nergalle
 20687 | D:12     | Found a broken altar of Ashenzari.
 21110 | D:13     | Found a gate leading to a gauntlet.
 21117 | Gauntlet | Entered a Gauntlet
 21117 | Gauntlet | Found a transporter.
 21117 | Gauntlet | Found a transporter.
 21128 | Gauntlet | Found a transporter.
 21131 | Gauntlet | Found a transporter.
 21139 | Gauntlet | Found a transporter.
 21142 | Gauntlet | Found a transporter.
 21153 | Gauntlet | Found a transporter.
 21161 | Gauntlet | Found a runed translucent door.
 21170 | Gauntlet | Found a transporter.
 21187 | Gauntlet | Found a transporter.
 21190 | Gauntlet | Found a transporter.
 21201 | Gauntlet | Found a transporter.
 21203 | Gauntlet | Found a transporter.
 21513 | Gauntlet | Identified the amulet of Qoel {RegenMP rPois rN+ Str+2}
 21555 | Gauntlet | Identified the ring "Acaedes" {+Blink rPois Str+4 Int+6}
 21783 | D:13     | Identified the +7 morningstar of Tadimoant {flame, rElec}
                  | (Okawaru gifted it to you on level 13 of the Dungeon)
 21783 | D:13     | Received a gift from Okawaru
 22144 | D:13     | Noticed motkurizz's ghost (journeyman OgWr)
 22149 | D:13     | Found a transporter.
 22165 | D:13     | Identified the +2 great mace of Zomuampa {freeze, Fragile
                  | Str+8 Int+2 Dex+4}
 22168 | D:13     | Found a transporter.
 22825 | Orc:2    | Bought the +5 moon troll leather armour {Spirit, Regen++
                  | MP+5} for 1725 gold pieces
 22825 | Orc:2    | Found the +5 moon troll leather armour {Spirit, Regen++
                  | MP+5}
 22979 | Elf:1    | Entered Level 1 of the Elven Halls
 23006 | Elf:1    | Reached skill level 1 in Spellcasting
 23088 | Elf:1    | Identified the +2 cloak of Etom {rF- Str+5} (Okawaru gifted
                  | it to you on level 1 of the Elven Halls)
 23088 | Elf:1    | Received a gift from Okawaru
 23089 | Elf:1    | Reached skill level 10 in Stealth
 23093 | Elf:1    | Reached skill level 1 in Armour
 23223 | Elf:1    | Reached XP level 15. HP: 84/84 MP: 22/22
 23311 | Elf:1    | Found Carhyloill's Jewellery Shoppe.
 23392 | Elf:1    | Paralysed by an air elemental for 1 turns
 23413 | Elf:1    | Reached skill level 10 in Evocations
 24155 | Elf:2    | Identified the +1 robe "Xamidibi" {rElec} (Okawaru gifted
                  | it to you on level 2 of the Elven Halls)
 24155 | Elf:2    | Received a gift from Okawaru
 24167 | Elf:2    | Reached skill level 5 in Spellcasting
 24395 | Elf:2    | Paralysed by an air elemental for 1 turns
 24728 | Elf:2    | Found a runed translucent gate.
 24728 | Elf:2    | Found a runed translucent gate.
 24731 | Elf:2    | Found a runed translucent gate.
 25183 | Spider:1 | Entered Level 1 of the Spider Nest
 25209 | Spider:1 | Received a gift from Okawaru
 25294 | Spider:1 | Reached XP level 16. HP: 88/88 MP: 27/27
 26144 | Spider:1 | Learned a level 2 spell: Blink
 26282 | Spider:1 | Reached skill level 1 in Translocations
 26293 | Spider:1 | Received a gift from Okawaru
 26490 | Spider:2 | Noticed Frances
 26496 | Spider:2 | Killed Frances
 26630 | Spider:2 | Identified the +0 robe of Fun and Games {Regen+ MP+9}
                  | (Okawaru gifted it to you on level 2 of the Spider Nest)
 26630 | Spider:2 | Received a gift from Okawaru
 26676 | Spider:2 | Noticed Mlioglotl
 26690 | Spider:2 | Killed Mlioglotl
 27054 | Spider:2 | Noticed Arachne
 27066 | Spider:2 | Killed Arachne
 27341 | Spider:2 | Reached skill level 5 in Armour
 27951 | Spider:3 | Received a gift from Okawaru
 28048 | Spider:3 | Reached XP level 17. HP: 94/94 MP: 28/28
 28561 | Spider:4 | Entered Level 4 of the Spider Nest
 28570 | Spider:3 | Identified the scarf of Okawaru's Fury {rC+ rF+, +Blink}
                  | (Okawaru gifted it to you on level 3 of the Spider Nest)
 28570 | Spider:3 | Received a gift from Okawaru
 28905 | Spider:4 | Noticed Mara
 28908 | Spider:4 | Noticed motkurizz's illusion
 28929 | Spider:4 | Killed Mara
 29246 | Spider:4 | Identified the +0 robe of the Evil One {rC+ rN+ Int+3}
 29427 | Spider:4 | Received a gift from Okawaru
 29427 | Spider:4 | Found the +5 robe of Night {Dark Will+ SInv}
 29668 | Spider:4 | Reached skill level 10 in Invocations
 29786 | Spider:4 | Got a gossamer rune of Zot
 30051 | Swamp:1  | Entered Level 1 of the Swamp
 30069 | Swamp:1  | Noticed Roxanne
 30084 | Swamp:1  | Killed Roxanne
 30324 | Swamp:1  | Reached XP level 18. HP: 100/100 MP: 29/29
 31170 | Swamp:2  | Identified the +1 cloak "Foudoan" {Contam Regen+ Slay+2
                  | Stlth+} (Okawaru gifted it to you on level 2 of the Swamp)
 31170 | Swamp:2  | Received a gift from Okawaru
 31659 | Swamp:3  | Reached skill level 15 in Stealth
 31913 | Swamp:4  | Entered Level 4 of the Swamp
 32011 | Swamp:4  | Noticed a tentacled monstrosity
 32018 | Swamp:4  | Killed a tentacled monstrosity
 32548 | Swamp:4  | Identified the +0 hat of the Pit {rPois rN++ Slay-3}
                  | (Okawaru gifted it to you on level 4 of the Swamp)
 32548 | Swamp:4  | Received a gift from Okawaru
 32553 | Swamp:4  | Noticed the 27-headed Lernaean hydra
 32593 | Swamp:4  | Killed the 27-headed Lernaean hydra
 32768 | Swamp:4  | Got a decaying rune of Zot
 33229 | D:13     | Killed motkurizz's ghost
 33366 | D:14     | Found a frozen archway.
 33375 | IceCv    | Entered an ice cave
 33556 | IceCv    | Found the +4 skin of Zhor {*Englaciate rC+++ SInv}
 33578 | IceCv    | Identified the +2 pair of boots of the Volcano {-Tele rC+
                  | rN+ SInv}
 33673 | IceCv    | Reached XP level 19. HP: 97/106 MP: 30/30
 33681 | IceCv    | Found a viscous altar of Jiyva.
 33744 | IceCv    | Got the Incunabulum of Congelation
 34364 | D:14     | Noticed Azrael
 34370 | D:14     | Killed Azrael
 34528 | D:14     | Noticed Kirke
 34548 | D:14     | Killed Kirke
 34759 | D:14     | Found a gate to the Vaults.
 34784 | D:14     | Reached skill level 1 in Shields
 35029 | D:15     | Entered Level 15 of the Dungeon
 35061 | D:15     | Noticed Jorgrun
 35066 | D:15     | Killed Jorgrun
 35073 | D:15     | Identified the +1 cloak of Untruth {rC+} (Okawaru gifted it
                  | to you on level 15 of the Dungeon)
 35073 | D:15     | Received a gift from Okawaru
 35256 | D:15     | Noticed Agnes
 35272 | D:15     | Killed Agnes
 35454 | D:15     | Found a hazy altar of Hepliaklqana.
 35621 | D:15     | Found a staircase to the Depths.
 35811 | Orc:1    | Bought a book of the Hunter for 286 gold pieces
 35811 | Orc:1    | Bought a book of Hexes for 396 gold pieces
 35815 | Orc:1    | Learned a level 3 spell: Portal Projectile
 35858 | Orc:1    | Killed Fidariph's ghost
 36227 | Vaults:1 | Entered Level 1 of the Vaults
 36233 | D:14     | Reached skill level 1 in Hexes
 36560 | Vaults:1 | Reached skill level 5 in Translocations
 37662 | Vaults:1 | Received a gift from Okawaru
 37748 | Vaults:1 | Noticed Nikola
 37763 | Vaults:1 | Killed Nikola
 37901 | Vaults:1 | Reached XP level 20. HP: 95/112 MP: 29/31
 38150 | Vaults:2 | Found a magical portal.
 38164 | WizLab   | Entered Iskenderun's Mystic Tower
 38404 | WizLab   | Received a gift from Okawaru
 38525 | WizLab   | Reached skill level 15 in Fighting
 38681 | WizLab   | Got Iskenderun's Guidebook on the Salvo
 38681 | WizLab   | Got Iskenderun's Meditations on Energy
 38840 | Vaults:2 | Reached skill level 5 in Shields
 39822 | Vaults:2 | Found the +18 shield of the Gong {Loud rN+ Will+ rCorr
                  | EV-5}
 40143 | Vaults:3 | Received a gift from Okawaru
 40360 | Vaults:3 | Got the Cyclopedia of the Wendigo
 40752 | Vaults:3 | Reached XP level 21. HP: 119/119 MP: 32/32
 41049 | Vaults:3 | Found a staircase to the Crypt.
 41485 | Vaults:4 | Received a gift from Okawaru
 41661 | Vaults:4 | Found a portal to a secret trove of treasure.
 41880 | Vaults:4 | Identified a scroll of acquirement
 41882 | Vaults:4 | Acquired a manual of Fighting
 41917 | Vaults:4 | Identified the +11 falchion "Osauloav" {flame, Int+2}
 43026 | Depths:1 | Entered Level 1 of the Depths
 43368 | Depths:1 | Found a radiant altar of Vehumet.
 43456 | Depths:1 | Found a burning altar of Makhleb.
 43606 | Depths:1 | Noticed a juggernaut
 43632 | Depths:1 | Killed a juggernaut
 43934 | Depths:1 | Found a stormy altar of Qazlal.
 43935 | Depths:1 | Found a basalt altar of Yredelemnul.
 43935 | Depths:1 | Found a basalt altar of Yredelemnul.
 43960 | Depths:1 | Received a gift from Okawaru
 44096 | Depths:1 | Got Sif Muna's Grimoire of the Inconstant Summer
 44181 | Depths:1 | Found a gateway to Hell.
 45150 | Depths:2 | Reached XP level 22. HP: 130/130 MP: 33/33
 45276 | Depths:2 | Found a one-way gate to the infinite horrors of the Abyss.
 45340 | Depths:2 | Found a one-way gate leading to the halls of Pandemonium.
 45549 | Depths:2 | Reached skill level 15 in Evocations
 45653 | Depths:2 | Found Nanoygorr's Jewellery Boutique.
 45653 | Depths:2 | Found Buomixky's Book Shoppe.
 45654 | Depths:2 | Found Zexu Ikk's Jewellery Boutique.
 45680 | Depths:2 | Bought a ring of protection from fire for 450 gold pieces
 46184 | Depths:2 | Found a sacrificial altar of Ru.
 46804 | Depths:3 | Found a one-way gateway to a ziggurat.
 46938 | Depths:3 | Noticed a juggernaut
 47004 | Depths:3 | Killed a juggernaut
 47050 | Depths:3 | Received a gift from Okawaru
 47152 | Depths:3 | Found a hazy altar of Hepliaklqana.
 47561 | Depths:4 | Entered Level 4 of the Depths
 47771 | Depths:4 | Noticed Parghit
 47775 | Depths:4 | Parghit changed into Parghit the shard shrike
 47775 | Depths:4 | Noticed Parghit
 47779 | Depths:4 | Killed Parghit the shard shrike
 48140 | Depths:4 | Found Lagio's Antique Weapon Emporium.
 48320 | Depths:4 | Found Nuitopt's Mass Market.
 48367 | Depths:4 | Received a gift from Okawaru
 48520 | Depths:4 | Found a gate to the Realm of Zot.
 48949 | Vaults:4 | You paid a toll of +5 fire dragon scales to enter a
                  | treasure trove
 48950 | Trove    | Entered a treasure trove
 48958 | Trove    | Got Sif Muna's Anthology of Lamentation
 49047 | Trove    | Learned a level 7 spell: Enfeeble
 49408 | Elf:3    | Entered Level 3 of the Elven Halls
 49608 | Elf:3    | Reached skill level 5 in Hexes
 49956 | Elf:3    | Identified the +0 animal skin of Okawaru's Supremacy {*Slow
                  | +Inv rF+} (Okawaru gifted it to you on level 3 of the Elven
                  | Halls)
 49956 | Elf:3    | Received a gift from Okawaru
 49986 | Elf:3    | Reached skill level 10 in Hexes
 50159 | Elf:3    | Found the +12 pair of quick blades "Gyre" and "Gimble"
                  | {protect}
 50288 | Elf:3    | Reached XP level 23. HP: 113/138 MP: 31/34
 50480 | Elf:3    | Reached skill level 15 in Hexes
 50731 | Elf:3    | Identified the +10 falchion "Ikete" {speed, rC+}
 50731 | Elf:3    | Identified the ring of Xenoros {rPois rC+ Will+ Int-4
                  | Slay+3}
 50769 | Elf:3    | Identified the +2 pair of gloves of Olaopn {Slay+4}
 50782 | Elf:3    | Identified the +9 scimitar "Cyshrerra" {heavy, rElec rCorr}
 50935 | Elf:3    | Identified the -2 pair of boots "Zotot" {rElec Slay+3}
 50937 | Elf:3    | Got the Parchment of Curses
 50953 | Elf:3    | Identified the staff of Fear {rF+ Str+3 Fire}
 51355 | Vaults:5 | Entered Level 5 of the Vaults
 51358 | Vaults:5 | Noticed an ancient lich
 51382 | Vaults:5 | Killed an ancient lich
 51421 | Vaults:5 | Received a gift from Okawaru
 51462 | Vaults:5 | Identified the +5 quarterstaff of Awkwardness {protect,
                  | rF+}
 51778 | Vaults:5 | Identified the +7 long sword "Nico" {freeze, rElec rF-
                  | Will++ Dex+3}
 51797 | Vaults:5 | Received a gift from Okawaru
 51849 | Vaults:5 | Identified the amulet "Suich" {Acrobat Will+}
 52356 | Vaults:5 | Reached XP level 24. HP: 131/143 MP: 36/36
 52370 | Vaults:5 | Identified the +7 lajatang of Dithmenos's Anger {freeze,
                  | *Corrode rC+++ Str-2 Stlth+}
 52454 | Vaults:5 | Identified the +0 falchion "Trog's Indignation" {elec,
                  | Will+ SInv}
 52497 | Vaults:5 | Noticed an ancient lich
 52505 | Vaults:5 | Killed an ancient lich
 52648 | Vaults:5 | Reached skill level 15 in Invocations
 52792 | Vaults:5 | Identified the +0 dagger of Bellicose Prudence {holy,
                  | Fragile rPois Will- Str+7}
 52885 | Vaults:5 | Identified the +9 flail "Uniroaps" {heavy, rElec Will+
                  | Stlth-}
 52889 | Vaults:5 | Got a silver rune of Zot
 53540 | Zot:1    | Entered Level 1 of the Realm of Zot
 53930 | Zot:1    | You fall into a shaft and drop 1 floor!
 53979 | Zot:1    | Identified the +0 cloak of Kuogeuvyuk {Int+6} (Okawaru
                  | gifted it to you on level 1 of the Realm of Zot)
 53979 | Zot:1    | Received a gift from Okawaru
 54007 | Zot:1    | Noticed a dread lich
 54059 | Zot:1    | Killed a dread lich
 54129 | Zot:1    | Noticed Grunn
 54141 | Zot:1    | Killed Grunn
 54175 | Zot:1    | Noticed a dread lich
 54180 | Zot:1    | Identified the ring "Eptoilen" {rPois Will+}
 54185 | Zot:1    | Noticed a dread lich
 54187 | Zot:1    | Gained mutation: You are frail. (-10% HP) [a cacodemon]
 54197 | Zot:1    | Killed a dread lich
 54211 | Zot:1    | Killed a dread lich
 54387 | Zot:1    | Noticed a dread lich
 54396 | Zot:1    | Killed a dread lich
 55285 | Zot:3    | Noticed an orb of fire
 55300 | Zot:3    | Killed an orb of fire
 55313 | Zot:3    | Lost mutation: You are frail. (-10% HP) [potion of
                  | mutation]
 55313 | Zot:3    | Gained mutation: You have a pair of small horns on your
                  | head. [potion of mutation]
 55313 | Zot:3    | Gained mutation: You are partially covered in large bone
                  | plates. (SH +4) [potion of mutation]
 55313 | Zot:3    | Gained mutation: You have hidden genetic potential. [potion
                  | of mutation]
 55313 | Zot:3    | Gained mutation: Your flesh is heat resistant. (rF+)
                  | [potion of mutation]
 55407 | Zot:3    | Found a transporter.
 55468 | Zot:3    | Received a gift from Okawaru
 56008 | Zot:3    | Found a transporter.
 56221 | Zot:3    | Reached XP level 25. HP: 143/151 MP: 37/37
 56377 | Zot:4    | Received a gift from Okawaru
 57342 | Zot:5    | Entered Level 5 of the Realm of Zot
 57347 | Zot:5    | Found the +4 dragonskin cloak
 57347 | Zot:5    | Noticed Tiamat
 57624 | Zot:5    | Killed Tiamat
 57672 | Zot:5    | Gained mutation: You have large cloven feet. [mutagenic
                  | glow]
 58053 | Zot:5    | Noticed an ancient lich
 58192 | Zot:5    | Noticed an ancient lich
 58198 | Zot:5    | Noticed a dread lich
 58229 | Zot:5    | Killed an ancient lich
 58229 | Zot:5    | Identified the +0 storm dragon scales of a treasure trove
                  | {rElec rCorr} (Okawaru gifted it to you on level 5 of the
                  | Realm of Zot)
 58229 | Zot:5    | Received a gift from Okawaru
 58306 | Zot:5    | Killed a dread lich
 58357 | Zot:5    | Noticed an orb of fire
 58366 | Zot:5    | Gained mutation: You sometimes lose your temper in combat.
                  | [an orb of fire]
 58368 | Zot:5    | Gained mutation: You occasionally lose the ability to drink
                  | potions when taking damage. [an orb of fire]
 58369 | Zot:5    | Killed an orb of fire
 58392 | Zot:5    | Noticed an orb of fire
 58411 | Zot:5    | Noticed an orb of fire
 58413 | Zot:5    | Lost mutation: You sometimes lose your temper in combat.
                  | [an orb of fire]
 58416 | Zot:5    | Killed an orb of fire
 58422 | Zot:5    | Killed an orb of fire
 58426 | Zot:5    | Noticed an orb of fire
 58426 | Zot:5    | Noticed an orb of fire
 58426 | Zot:5    | Noticed an orb of fire
 58426 | Zot:5    | Noticed a Killer Klown
 58449 | Zot:5    | Gained mutation: You are robust. (+10% HP) [hidden
                  | potential]
 58475 | Zot:5    | Killed an orb of fire
 58512 | Zot:5    | Killed a Killer Klown
 58537 | Zot:5    | Gained mutation: Your magical capacity is low. (-10% MP)
                  | [an orb of fire]
 58556 | Zot:5    | Killed an orb of fire
 58596 | Zot:5    | Gained mutation: Your body sometimes deteriorates upon
                  | taking damage. [an orb of fire]
 58598 | Zot:5    | Killed an orb of fire
 58659 | Zot:5    | Noticed an orb of fire
 58660 | Zot:5    | Noticed an orb of fire
 58664 | Zot:5    | Noticed a dread lich
 58666 | Zot:5    | Noticed an orb of fire
 58672 | Zot:5    | Killed an orb of fire
 58673 | Zot:5    | Reached XP level 26. HP: 102/171 MP: 24/33
 58676 | Zot:5    | Killed an orb of fire
 58821 | Zot:5    | Killed an ancient lich
 58822 | Zot:5    | Reached skill level 10 in Armour
 58830 | Zot:5    | Killed an orb of fire
 58831 | Zot:5    | Reached skill level 10 in Shields
 58864 | Zot:5    | Killed a dread lich
 58871 | Zot:5    | Received a gift from Okawaru
 59080 | Zot:5    | Got the Orb of Zot
 59159 | Zot:1    | Identified the +0 scale mail of Restlessness {rF+ Str+4
                  | Dex+2}
 59179 | Depths:4 | Noticed Zedes the pandemonium lord
 59546 | D:$      | Escaped with the Orb!

Illustrated notes

Levels and vault maps discovered:
D:1:      evilmike_arrival_crescent, layout_basic
D:2:      layout_loops_cross
D:3:      layout_basic, mainiacjoe_overflow_six_doors_small,
          portal_sewer_entry_d, kennysheep_generic_room_3
D:4:      layout_rooms, minmay_temple_entry_glassed_door, serial_curves,
          eino_curves_01, eino_curves_04, eino_curves_03, guppyfry_shop_venom
D:5:      layout_basic, kennysheep_mini, nicolae_gozag_zags_fifth_avenue,
          ebering_ghost_reflecting_pool, uniq_menkaure, uniq_eustachio,
          uniq_edmund
D:6:      layout_cave_pools, old_standard_altar, lemuel_tele_altar,
          nicolae_qazlal_eye_of_the_storm
D:7:      layout_gridville, pdpol_wu_jian_five_deadly_venoms
D:8:      layout_cave_pools, erik_lair_island, serial_glass, glass_columns_c,
          glass_columns_a, glass_columns_a, glass_columns_a, glass_columns_a,
          glass_columns_a, glass_columns_a, glass_columns_a
D:9:      layout_basic, erik_orc_3
D:10:     layout_big_octagon, nicolae_uskayaw_dance_studio, zin_angel,
          serial_bayou, serial_bayou_pond_c, serial_bayou_pond_a,
          serial_bayou_pond_a, serial_bayou_shore_a
D:11:     layout_roguey, gammafunk_ghost_cemetery, uniq_sonja
D:12:     layout_basic, serial_shops, shop, nicolae_ashenzari_skybound,
          uniq_nergalle
D:13:     layout_roguey [special_room_orc], gauntlet_entry_generic,
          gammafunk_ghost_smash, minmay_rotating_lava
D:14:     layout_roguey, erik_vaults_2, minmay_misc_feat_ornament,
          portal_ice_cave_entry_pillars_2, palyth_stone_intersect, uniq_kirke,
          uniq_azrael
D:15:     hellmonk_depths_entry_around_the_bend, layout_rooms,
          old_standard_altar, chequers_arboretum, uniq_jorgrun, uniq_agnes
Temple:   nicolae_temple_god_jail
Lair:1:   layout_roguey, patterned_corridor
Lair:2:   layout_chaotic_city, swamp_mist, hellmonk_spider_entry_life_and_decay,
          serial_bayou_lagoon_a, wad_woods_02
Lair:3:   layout_roguey, lemuel_fruit_fields
Lair:4:   layout_regular_city, slime_entry_1, minmay_lair_oklob_bushes
Lair:5:   cheibrodos_lair_end_hotspot, layout_cave_pods, basic_altar
Swamp:1:  layout_basic_swamp, evilmike_swamp_ruin_rubble_1, uniq_roxanne
Swamp:2:  nicolae_swamp_phyte_club, layout_basic_swamp, hangedman_swamp_pad
Swamp:3:  layout_basic_swamp, serial_swamp_ruin, evilmike_swamp_ruin_house_4,
          evilmike_swamp_ruin_wall, evilmike_swamp_ruin_house_2
Swamp:4:  swamp_old_school, layout_basic_swamp, swamp_pool4
Spider:1: layout_spider_delve, nicolae_spider_twisty_arc_passages
Spider:2: nicolae_spider_hilbert_zone_2 [nicolae_spider_hilbert_4_sides_1_open,
          nicolae_spider_hilbert_4_sides_1_open,
          nicolae_spider_hilbert_4_sides_1_open,
          nicolae_spider_hilbert_4_sides_1_open,
          nicolae_spider_hilbert_6_sides_1_open,
          nicolae_spider_hilbert_6_sides_1_open,
          nicolae_spider_hilbert_3_sides_1_open,
          nicolae_spider_hilbert_3_sides_1_open,
          nicolae_spider_hilbert_3_sides_1_open,
          nicolae_spider_hilbert_3_sides_1_open,
          nicolae_spider_hilbert_6_sides_1_open,
          nicolae_spider_hilbert_6_sides_1_open,
          nicolae_spider_hilbert_6_sides_1_open,
          nicolae_spider_hilbert_6_sides_1_open], nicolae_spider_scorpion_nest,
          uniq_frances, uniq_arachne, uniq_mlioglotl
Spider:3: layout_spider_delve, nicolae_spider_rock_and_or_roll
Spider:4: hellmonk_spider_rune_endless_swarm,
          nicolae_spider_some_kinda_spiderbox, uniq_mara
Orc:1:    layout_caves, serial_shops, shop, gammafunk_ghost_necromancy,
          uniq_harold
Orc:2:    st_orc_rangers, layout_diamond_mine
Elf:1:    minmay_elf_arrival_circle, layout_geoelf_grid, serial_shops, shop,
          minivault_28
Elf:2:    elven_hall_of_blades_hangedman_original
          [nicolae_blade_entry_diamond_columns], layout_loops_cross,
          einodemon_armed_red_devil_minivault, uniq_norris
Elf:3:    minmay_elf_hall_four_x, layout_loops_corners,
          hellmonk_guarded_unrand_gyre_and_gimble
Vaults:1: v_misc_14, nicolae_vaults_doubleplus_tesselated,
          nicolae_vaults_trapezoid_3, hangedman_vaults_corner,
          hangedman_vaults_cutoff, grunt_vaults_hallway_short,
          nicolae_vaults_little_squares_3, v_alt_pattern_6,
          nicolae_vaults_weapon_check, nicolae_vaults_trapezoid_lopsided_1,
          layout_vaults_omnigrid, uniq_nikola
Vaults:2: infiniplex_enter_wizlab_water, hellmonk_guarded_unrand_gong,
          vaults_room_octagon, nicolae_vaults_tetromino_T_1,
          nicolae_vaults_border_crossing, nicolae_vaults_more_shelving_1,
          nicolae_vaults_diamond_2, hangedman_vaults_stream, v_alt_pattern_5,
          hangedman_vaults_trim, vaults_room_stairs_pillars,
          vaults_room_ringed_pool, ontoclasm_vaults_eye,
          nicolae_vaults_storage_room_doors, nicolae_vaults_ring_of_whatevers,
          layout_vaults_maze
Vaults:3: minmay_crypt_entry_simple_plaza, ontoclasm_vaults_idyll,
          vaults_room_semicircle, vaults_dpeg_doors,
          nicolae_vaults_stairing_the_circle, nicolae_vaults_disjoint_gnomons,
          vaults_room_boxed, vaults_room_fours,
          nicolae_vaults_storage_closets_1, layout_vaults_omnicross
Vaults:4: grunt_vaults_hallway_short, nicolae_vaults_closet_pinwheel_6,
          nicolae_vaults_steering_wheel, v_pattern_4, nicolae_vaults_turnstiles,
          nicolae_vaults_trapezoid_lopsided_3, grunt_vaults_focal,
          vaults_room_semicircle, vaults_room_pool, vaults_room_pool,
          nicolae_vaults_trapezoid_lopsided_1, v_misc_13,
          nicolae_vaults_tetromino_L_1, layout_vaults_chaotic_city,
          nicolae_trove_entry_path_of_doom
Vaults:5: serial_shops
Depths:1: minmay_the_grid_octo_tiled_squarecenter [minmay_the_grid_octo_empty,
          minmay_the_grid_octo_shrine, minmay_the_grid_octo_fat_diamond,
          minmay_the_grid_octo_concentric,
          minmay_the_grid_square_5x5_megaprize_open,
          minmay_the_grid_square_5x5_doubleslash,
          minmay_the_grid_square_5x5_seven, minmay_the_grid_square_5x5_plus,
          minmay_the_grid_square_5x5_mess], layout_basic,
          nicolae_vehumet_radiance, pf_hell_entry_tar_river, fountainhead,
          lightli_fourway_metalbox
Depths:2: hellmonk_ruined_rings, layout_cave_pools, hellmouth_1,
          nicolae_ru_the_path_less_chosen, abyss_entry_crystal,
          rand_demon_pan_entry_8, roderic_serpentine_path,
          infiniplex_staircase_zigzag_5, firewood_loft, serial_bayou_shore_b,
          minmay_shop_grove
Depths:3: kennysheep_room_grid, layout_long_grid, enter_ziggurat_b, abyss_entry,
          rand_demon_pan_entry_7, pf_coc_iceberg,
          nicolae_hepliaklqana_hazy_memory, minmay_staircase_windowed_large
Depths:4: grunt_twist_and_shout, layout_gridlike, hell_entry, solitary_fountain,
          serial_shops, nicolae_shop_behind_doors, drop_trap, minmay_shop_mass,
          uniq_parghit
Zot:1:    hellmonk_paralyzer, layout_onion_interference, grunt_megastairs_1,
          uniq_grunn
Zot:2:    layout_gridlike
Zot:3:    gammafunk_its_a_trap, layout_cathedral_of_symmetry
Zot:4:    kennysheep_ambush_hall, layout_cathedral_of_symmetry,
          grunt_megastairs_2
Zot:5:    layout_gridlike, st_stairs_7, uniq_tiamat

Skill      XL: |  1  2  3  4  5  6  7  8  9 10 11 12 13 14 15 16 17 18 19 20 21 22 23 24 25 26 |
---------------+-------------------------------------------------------------------------------+-----
Fighting       | 2 3 4 5 6 7 8 10 11 12 13 14 16 18 20 21 22 | 22.0
Ranged Weapons | 5 6 8 9 10 11 12 13 14 15 17 18 20 21 22 | 22.0
Stealth        | 2 6 10 11 14 16 18 | 18.0
Dodging        | 3 6 8 10 12 14 15 16 17 19 21 22 | 22.0
Invocations    | 4 5 7 8 10 11 12 14 17 | 17.0
Evocations     | 2 4 7 9 10 11 12 14 15 17 | 17.9
Spellcasting   | 1 7 8 9 |  9.0
Armour         | 1 4 5 6 7 9 10 | 10.2
Translocations | 4 6 7 |  7.0
Shields        | 4 5 6 9 10 | 10.2
Hexes          | 3 4 11 19 | 19.0

Action                     |  1- 3 |  4- 6 |  7- 9 | 10-12 | 13-15 | 16-18 | 19-21 | 22-24 | 25-27 || total
---------------------------+-------+-------+-------+-------+-------+-------+-------+-------+-------++-------
  Melee: Arbalest          |       |       |       |       |       |     5 |       |       |       ||     5
   Fire: Shortbow          |   141 |   176 |   361 |       |       |       |       |       |       ||   678
         Orcbow            |       |       |   168 |   910 |  1614 |    57 |       |       |       ||  2749
         Arbalest          |       |       |       |       |   273 |  1573 |   503 |       |       ||  2349
         Hand crossbow     |       |       |       |       |       |       |  1483 |  1830 |   599 ||  3912
  Throw: Dart              |       |       |       |       |    10 |       |       |       |       ||    10
   Cast: Portal Projectile |       |       |       |       |       |       |     4 |     1 |       ||     5
         Enfeeble          |       |       |       |       |       |       |       |    16 |     9 ||    25
 Invoke: Heroism           |       |       |       |       |     4 |     6 |     4 |     9 |     6 ||    29
         Finesse           |       |       |       |       |     1 |       |       |     5 |     5 ||    11
  Evoke: Wand              |       |     2 |     2 |    14 |    11 |     5 |     3 |    27 |     5 ||    69
         Lightning rod     |       |       |       |       |       |       |    15 |    21 |       ||    36
         Condenser vane    |       |       |       |       |       |       |       |     1 |     1 ||     2
    Use: Scroll            |     2 |       |     9 |     6 |     6 |    12 |     5 |    20 |     3 ||    63
         Potion            |       |       |     1 |     1 |       |     1 |       |     3 |     7 ||    13
 Armour: Robe              |     7 |     5 |     9 |     4 |       |       |       |       |       ||    25
         Steam dragon scal |       |       |       |     7 |    30 |       |       |       |       ||    37
         Troll leather arm |       |       |       |       |    19 |   104 |    47 |    74 |    17 ||   261
  Dodge: Dodged            |    29 |    40 |   143 |   319 |   754 |  1531 |  1144 |  1274 |   264 ||  5498
  Block: Buckler           |       |       |       |       |       |       |   325 |   461 |   126 ||   912

Table legend: (Time is in decaauts)
 A = Elapsed time spent in this place.
 B = Non-inter-level travel time spent in this place.
 C = Inter-level travel time spent in this place.
 D = Time resting spent in this place.
 E = Time spent auto-exploring this place.
 F = Levels seen in this place.
 G = Mean time per level.
                   A        B        C        D        E       F      G
               +--------+--------+--------+--------+--------+-----+--------+
         Total |  43057 |  39226 |   3831 |   2069 |  21459 |  53 |  812.4 |
       Dungeon |  10890 |   9259 |   1631 |    477 |   5822 |  15 |  726.0 |
        Temple |     22 |     14 |      8 |      0 |      0 |   1 |   22.0 |
          Lair |   5403 |   5095 |    308 |    289 |   3296 |   5 | 1080.6 |
         Swamp |   2316 |   2192 |    124 |     27 |   1436 |   4 |  579.0 |
   Spider Nest |   3594 |   3423 |    171 |    185 |   1668 |   4 |  898.5 |
  Orcish Mines |   1913 |   1577 |    336 |    119 |    783 |   2 |  956.5 |
   Elven Halls |   2662 |   2555 |    107 |    142 |   1271 |   3 |  887.3 |
        Vaults |   6073 |   5472 |    601 |    207 |   2705 |   5 | 1214.6 |
        Depths |   4358 |   4019 |    339 |    240 |   1928 |   4 | 1089.5 |
           Zot |   3955 |   3754 |    201 |    174 |   1947 |   5 |  791.0 |
         Trove |     69 |     69 |      0 |      0 |      2 |   1 |   69.0 |
         Sewer |    488 |    488 |      0 |    100 |    175 |   1 |  488.0 |
      Ice Cave |    355 |    355 |      0 |      3 |    121 |   1 |  355.0 |
        Wizlab |    519 |    519 |      0 |     20 |    155 |   1 |  519.0 |
      Gauntlet |    434 |    434 |      0 |     83 |    145 |   1 |  434.0 |
               +--------+--------+--------+--------+--------+-----+--------+

Top non-repeatable levels by time:
Vaults:1: 1514 daAuts
     D:9: 1446 daAuts
  Lair:5: 1440 daAuts
Depths:1: 1412 daAuts
Vaults:5: 1380 daAuts
Depths:2: 1268 daAuts
   Orc:2: 1255 daAuts
   Elf:3: 1221 daAuts
Vaults:4: 1208 daAuts
   Zot:5: 1132 daAuts
  Lair:4: 1116 daAuts
  Lair:3: 1046 daAuts
Spider:4: 1007 daAuts
Vaults:2: 1002 daAuts
Spider:2: 992 daAuts
